 Dungeon Crawl Stone Soup version 0.23-b1-3-gdda8187c6f (webtiles) character file.

Game seed: 2729649486895675922

78 Peloso the Shield-Bearer (level 4, -6/40 HPs)
             Began as a Minotaur Fighter on Feb 1, 2019.
             Killed by divine providence
             ... invoked by an orc priest
              (16 damage)
             ... on level 3 of the Dungeon.
             The game lasted 00:02:28 (1252 turns).

Peloso the Shield-Bearer (Minotaur Fighter)         Turns: 1252, Time: 00:02:29

Health: -6/40      AC:  8    Str: 21    XL:     4   Next: 15%
Magic:  3/3        EV:  7    Int:  5    God:
Gold:   122        SH:  9    Dex: 10    Spells: 3/3 levels left

rFire    . . .     SeeInvis .   a - +0 long sword
rCold    . . .     Gourm    .   c - +0 shield
rNeg     . . .     Faith    .   i - +0 scale mail (curse)
rPois    .         Spirit   .   (helmet restricted)
rElec    .         Reflect  .   (no cloak)
rCorr    .         Harm     .   m - +0 pair of gloves
MR       .....                  (no boots)
Stlth    ..........             (no amulet)
HPRegen  0.13/turn              (no ring)
MPRegen  0.08/turn              (no ring)

@: no status effects
A: retaliatory headbutt, horns 2
a: no special abilities


You were on level 3 of the Dungeon.
You were not hungry.

You visited 1 branch of the dungeon, and saw 3 of its levels.

You collected 122 gold pieces.

Inventory:

Hand Weapons
 a - a +0 long sword (weapon)
 h - a cursed -2 short sword
Armour
 b - a +0 scale mail
 c - a +0 shield (worn)
 i - a cursed +0 scale mail (worn)
 m - a +0 pair of gloves (worn)
Jewellery
 o - an uncursed amulet of harm {unknown}
Scrolls
 e - a scroll of blinking {unknown}
 k - a scroll of identify {unknown}
 n - a scroll of teleportation {unknown}
Potions
 d - a potion of might
 g - a potion of magic {unknown}
 j - a potion of mutation {unknown}
 l - a potion of degeneration {unknown}
 p - a potion of invisibility {unknown}
Comestibles
 f - 8 rations


   Skills:
 + Level 4.2 Fighting
 + Level 3.6 Long Blades
 + Level 4.1 Armour
 + Level 0.4 Dodging
 + Level 0.2 Stealth
 + Level 4.3 Shields


You had 3 spell levels left.
You didn't know any spells.
Your spell library contained the following spells:

 Spells                   Type           Power        Failure   Level  Hunger
 Corona                   Hex            #......      99%         1    ##.....
 Ensorcelled Hibernation  Hex/Ice        #.....       100%        2    ###....
 Confuse                  Hex            #.......     100%        3    ####...
 Dazzling Spray           Conj/Hex       #.....       100%        3    ####...
 Tukima's Dance           Hex            #.......     100%        3    ####...


Dungeon Overview and Level Annotations

Branches:
Dungeon (3/15)

Altars:
Elyvilon
Gozag
Vehumet
Wu Jian


Innate Abilities, Weirdness & Mutations

You reflexively headbutt those who attack you in melee.
You have a pair of horns on your head.


Message History

You kill the goblin!
The orc priest mumbles some strange prayers to Beogh against you.
Pain shoots through your body! You block the orc priest's attack.
Items here: )) ††† a +0 flail; a +0 dagger; an orc corpse x2; an adder corpse You hit the orc priest but do no damage.
The orc priest begins to cast a cantrip, but forgets the words!
The orc priest barely misses you.
You slash the orc priest!
The orc priest is almost dead.
The orc priest hits you.
The orc priest mumbles some strange prayers to Beogh against you.
Beogh smites you!
* * * LOW HITPOINT WARNING * * *
You closely miss the orc priest.
The orc priest is almost dead.
The orc priest calls down the wrath of Beogh upon you.
Beogh smites you!
You die...

.. ..!. ..# .. .⌠.
.#....# ##. ....
..#.. ####..
.....#.#o# ......
.!.....).# #....
.....##†.## #..).
##.......# ##....
#......>.######.##
#.....
...##>...oo@......#
#..... ##
#....#######...#
#.#... #..##...##
.# ###..... #..#
###..### #......)
#.# ##...####
##.##.... ...
###....####..##....
##
####..##..###....
##....#####...
######..........


You could see 2 orc priests.

Vanquished Creatures
  A hound skeleton (D:3)
  An adder (D:3)
  An ooze (D:2)
  A worm (D:2)
  2 leopard geckos
  2 orcs (D:3)
  A ball python (D:1)
  3 bats
  A giant cockroach (D:1)
  8 goblins
  9 hobgoblins
  3 frilled lizards
  3 kobolds (D:1)
  6 rats
42 creatures vanquished.

Notes
Turn   | Place    | Note
-------+----------+-------------------------------------------
     0 | D:1      | Peloso the Minotaur Fighter began the quest for the Orb.
     0 | D:1      | Reached XP level 1. HP: 19/19 MP: 0/0
   104 | D:1      | Reached XP level 2. HP: 27/27 MP: 1/1
   423 | D:1      | Reached XP level 3. HP: 33/33 MP: 2/2
   939 | D:2      | Found a radiant altar of Vehumet.
   946 | D:2      | Found an opulent altar of Gozag.
   950 | D:2      | Found an ornate altar of the Wu Jian Council.
  1228 | D:3      | Found a white marble altar of Elyvilon.
  1240 | D:3      | Reached XP level 4. HP: 38/40 MP: 3/3
  1252 | D:3      | Killed from afar by an orc priest

Skill      XL: |  1  2  3 |
---------------+----------+-----
Shields        | 4 |  4.3
Fighting       | 4 |  4.2
Armour         | 4 |  4.1
Long Blades    | 3 |  3.6
Dodging        | |  0.4
Stealth        | |  0.2

Action                   |  1- 3 |  4- 6 || total
-------------------------+-------+-------++-------
Melee: Long sword        |   101 |    11 ||   112
       Headbutt          |    10 |     1 ||    11
  Eat: Chunk             |     1 |       ||     1
Armor: Scale mail        |    67 |     2 ||    69
Dodge: Dodged            |    21 |     2 ||    23
Block: Shield            |    47 |     2 ||    49
       Rpst.: Long sword |     3 |     1 ||     4
